 Seeded DCSS version 0.24.0 (webtiles) character file.

Game seed: 872665457973127504, levelgen mode: deterministic

1654 Faels the Cleaver (level 8, -14/66 HPs)
             Began as a Minotaur Fighter on Feb 14, 2020.
             Demolished by an ogre
             ... wielding a +0 giant spiked club
              (26 damage)
             ... on level 6 of the Dungeon.
             The game lasted 00:12:18 (5728 turns).

Faels the Cleaver (Minotaur Fighter)                Turns: 5728, Time: 00:12:19

Health: -14/66     AC:  9    Str: 24    XL:     8   Next: 68%
Magic:  7/7        EV:  6    Int:  5    God:
Gold:   183        SH:  9    Dex:  9    Spells: 7/7 levels left

rFire    . . .     SeeInvis .   a - +0 war axe
rCold    . . .     Gourm    .   c - +0 shield
rNeg     . . .     Faith    .   H - +0 chain mail
rPois    .         Spirit   .   (helmet restricted)
rElec    .         Reflect  .   F - scarf {cloud immunity}
rCorr    .         Harm     .   (no gloves)
MR       .....                  (no boots)
Stlth    ..........             (no amulet)
HPRegen  0.21/turn              (no ring)
MPRegen  0.10/turn              (no ring)

@: no status effects
A: retaliatory headbutt, horns 2
a: no special abilities


You were on level 6 of the Dungeon.
You were very hungry.

You visited 1 branch of the dungeon, and saw 7 of its levels.

You collected 273 gold pieces.
You spent 90 gold pieces at shops.

Inventory:

Hand Weapons
 a - a +0 war axe (weapon)
 i - a +1 dagger of draining
 m - a +2 mace of holy wrath
 p - a +2 dagger of flaming
Missiles
 g - 11 boomerangs (quivered)
Armour
 b - a +0 scale mail
 c - a +0 shield (worn)
 w - a +0 cloak
 F - a scarf of cloud immunity (worn)
 H - a +0 chain mail (worn)
Wands
 v - a wand of flame (19)
 A - a wand of paralysis (16)
 C - a wand of polymorph (10)
 D - a wand of iceblast (9)
 G - a wand of acid (7)
Scrolls
 e - 3 scrolls of identify {unknown}
 j - 3 scrolls of random uselessness {unknown}
 k - 3 scrolls of amnesia {unknown}
 n - 4 scrolls of fog {unknown}
 o - a scroll of blinking {unknown}
 s - 4 scrolls of remove curse
 y - a scroll of magic mapping {unknown}
 B - a scroll of enchant weapon {unknown}
Potions
 d - 3 potions of might
 h - 3 potions of degeneration {unknown}
 l - 4 potions of heal wounds {unknown}
 q - 2 potions of curing
 r - a potion of cancellation {unknown}
 t - 2 potions of lignification {unknown}
 u - a potion of brilliance {unknown}
 x - a potion of invisibility {unknown}
 z - a potion of berserk rage {unknown}
Comestibles
 f - 7 rations


   Skills:
 - Level 4.0 Fighting
 * Level 12.6 Axes
 - Level 3.6 Armour
 + Level 2.2 Dodging
 - Level 3.6 Shields


You had 7 spell levels left.
You didn't know any spells.
Your spell library contained the following spells:

 Spells                   Type           Power        Failure   Level  Hunger
 Confusing Touch          Hex            #.....       100%        1    ##.....
 Confuse                  Hex            #.......     100%        3    ####...
 Gell's Gravitas          Tloc           #.........   100%        3    ####...
 Petrify                  Tmut/Erth      #.......     100%        4    #####..
 Metabolic Englaciation   Hex/Ice        #.........   100%        5    ######.
 Yara's Violent Unravell  Hex/Tmut       #.........   100%        5    ######.


Dungeon Overview and Level Annotations

Branches:
Dungeon (7/15)
 Temple: D:4-7

Altars:
Elyvilon
Fedhas
Gozag
Qazlal
Zin
The Shining One


Innate Abilities, Weirdness & Mutations

You reflexively headbutt those who attack you in melee.
You have a pair of horns on your head.


Message History

The ogre is lightly wounded.
You slash the jelly!
Your hands burn!
The jelly hits you.
You are splashed with acid!
You hit the ogre. You headbutt the ogre.
The ogre is lightly wounded.
You hit the jelly but do no damage.
Your hands burn!
The ogre completely misses you. You furiously retaliate!
You headbutt the ogre. The jelly barely misses you.
You slash the ogre!
The ogre is severely wounded.
You slash the jelly!
You kill the jelly!
The ogre hits you with a +0 giant spiked club!!
* * * LOW HITPOINT WARNING * * *
You feel better.
Your shield and chain mail prevent you from hitting the ogre.
Your headbutt misses the ogre.
The ogre is severely wounded.
The ogre hits you with a +0 giant spiked club!!
You die...

####†### ##.## #####.##
#.# #######...## #.# #.#
#..........#### #.#
#.###.###.........## #.#
#.........##..##...#####.#
#####.######..##.........#
#.# #..##...#######
#.######..######
#.....@O..# #########.##
#.........# #.#######.#
###.##### #.# ##########
#.......###.#####........#
#.#.###...................
#.#.# ####...##.##.####.##
#.#.# #.....#.##.##.....


You could see an ogre.

Vanquished Creatures
  Grinder (D:3)
  An ice beast (D:6)
  2 sky beasts
  3 ogres (D:4)
  2 centaurs (D:5)
  Blork the orc (D:6)
  A bullfrog (D:6)
  A scorpion (D:4)
  A crimson imp (D:6)
  A bullfrog skeleton (D:4)
  2 jellies (D:6)
  An orc priest (D:4)
  2 hounds
  Ijyb (D:5)
  Jessica (D:3)
  5 worker ants
  An orc wizard (D:4)
  2 hound skeletons
  3 adders
  3 gnolls (D:5)
  4 shadow imps
  An ooze (D:2)
  An adder skeleton (D:5)
  6 worms
  A dart slug (D:4)
  6 leopard geckos
  5 orcs
  7 bats
  2 giant cockroaches
  10 goblins
  7 hobgoblins
  2 jackals (D:6)
  6 kobolds
  A ball python (D:1)
  A ball python skeleton (D:4)
  8 frilled lizards
  A quokka skeleton (D:4)
  10 rats
114 creatures vanquished.

Notes
Turn   | Place    | Note
-------+----------+-------------------------------------------
     0 | D:1      | Faels the Minotaur Fighter began the quest for the Orb.
     0 | D:1      | Reached XP level 1. HP: 19/19 MP: 0/0
   104 | D:1      | Reached skill level 3 in Axes
   106 | D:1      | Reached XP level 2. HP: 26/26 MP: 1/1
   131 | D:1      | Reached skill level 1 in Dodging
   800 | D:1      | Reached XP level 3. HP: 31/31 MP: 2/2
   945 | D:2      | Reached skill level 4 in Axes
  1490 | D:2      | Reached XP level 4. HP: 40/40 MP: 3/3
  1854 | D:3      | Noticed Grinder
  1902 | D:3      | Found a blossoming altar of Fedhas.
  1903 | D:3      | Killed Grinder
  1903 | D:3      | Reached skill level 7 in Axes
  1903 | D:3      | Reached XP level 5. HP: 39/46 MP: 4/4
  1970 | D:3      | Noticed Jessica
  1973 | D:3      | Killed Jessica
  1973 | D:3      | Reached XP level 6. HP: 51/52 MP: 5/5
  1999 | D:3      | Found a faded altar of an unknown god.
  2386 | D:3      | Found Zin's Purification Station.
  2391 | D:3      | Found a glowing silver altar of Zin.
  2403 | D:3      | Bought a potion of curing for 90 gold pieces
  2674 | D:3      | Reached skill level 8 in Axes
  3095 | D:4      | Reached skill level 9 in Axes
  3095 | D:4      | Reached XP level 7. HP: 29/59 MP: 6/6
  3455 | D:4      | Reached skill level 10 in Axes
  3854 | D:4      | Found a stormy altar of Qazlal.
  3906 | D:5      | Entered Level 5 of the Dungeon
  3989 | D:5      | Noticed Ijyb
  3994 | D:5      | Killed Ijyb
  4185 | D:5      | Reached XP level 8. HP: 54/66 MP: 7/7
  4332 | D:5      | Reached skill level 11 in Axes
  4709 | D:5      | Found an opulent altar of Gozag.
  4709 | D:5      | Found a glowing golden altar of the Shining One.
  4956 | D:6      | Noticed Blork the orc
  4962 | D:6      | Killed Blork the orc
  4992 | D:6      | Found a white marble altar of Elyvilon.
  5162 | D:6      | Reached skill level 12 in Axes
  5728 | D:6      | Demolished by an ogre

Levels and vault maps discovered:
D:1:      dpeg_arrival_stonehenge_8_columns, layout_loops_ring, chequers_avenue
D:2:      layout_basic
D:3:      layout_basic, nicolae_overflow_crystal_walls, zin_purify,
          serial_curves, eino_curves_02, eino_curves_04,
          chequers_ecumenical_altar_simple_redux, st_stairs_8, uniq_grinder,
          uniq_jessica
D:4:      layout_cave_pools, nicolae_overflow_hidden_temple, first_ration
D:5:      layout_loops_ring, gammafunk_temple_overflow_wave, uniq_ijyb
D:6:      layout_loops_corners, old_standard_altar, uniq_blork_the_orc
D:7:      cheibrodos_fzero, layout_loops_ring, minmay_temple_entry_glass,
          grunt_livestock, elyvilon_altar_1, uniq_harold, uniq_prince_ribbit1
